 Dungeon Crawl Stone Soup version 0.29.0-4-gdea44cf6ec (webtiles) character file.

Game seed: 11008949173884543297

186 qw the Chopper (level 5, -3/30 HPs)
             Began as a Tengu Warper on Aug 28, 2022.
             Slain by Grinder (4 damage)
             ... on level 5 of the Dungeon.
             The game lasted 00:00:24 (4265 turns).

qw the Chopper (Tengu Warper)                       Turns: 4265, Time: 00:00:25

Health: -3/30      AC: 10    Str: 13    XL:     5   Next: 66%
Magic:  9/9        EV:  4    Int: 13    God:
Gold:   224        SH:  0    Dex: 14    Spells: 8/8 levels left

rFire   . . .      SeeInvis .   Y - +5 war axe (elec)
rCold   + + .      Faith    .   (no shield)
rNeg    . . .      Spirit   .   d - +0 plate armour
rPois   .          Reflect  .   (helmet restricted)
rElec   .          Harm     .   (no cloak)
rCorr   .          Rampage  .   (no gloves)
Will    .....                   (boots unavailable)
Stlth   ..........              (no amulet)
HPRegen 0.10/turn               c - ring of protection from cold
MPRegen 0.11/turn               h - ring of protection from cold

@: about to teleport, flying quickly and evasively, quick
A: beak, talons 3, nimble flight
a: no special abilities


You were on level 5 of the Dungeon.
You visited 1 branch of the dungeon, and saw 5 of its levels.

You collected 224 gold pieces.


Innate Abilities, Weirdness & Mutations

You have a beak for a mouth.
You have claws for feet.
Your magical nature lets you fly swiftly and evasively.


   Skills:
 - Level 2.0 Fighting
 - Level 6.1 Axes
 - Level 1.0 Throwing
 + Level 1.7 Armour
 - Level 2.1 Dodging
 - Level 2.0 Spellcasting
 - Level 2.4 Translocations


You had 8 spell levels left.
You didn't know any spells.
Your spell library contained the following spells:

 Spells                   Type           Power      Damage    Failure   Level
 Blink                    Tloc           14%        N/A       100%        2
 Gell's Gravitas          Tloc           7%         N/A       100%        3
 Lesser Beckoning         Tloc           7%         N/A       100%        3
 Teleport Other           Tloc           7%         N/A       100%        3
 Manifold Assault         Tloc           7%         N/A       100%        5

Inventory:

Hand Weapons
 k - a +0 morningstar
 Y - a +5 war axe of electrocution (weapon)
Missiles
 l - 8 boomerangs (quivered)
Armour
 d - a +0 plate armour (worn)
Jewellery
 c - a ring of protection from cold (left hand)
 h - a ring of protection from cold (right hand)
Potions
 b - a potion of mutation {unknown}
 e - 2 potions of heal wounds
 f - a potion of haste
 g - 4 potions of curing
 i - a potion of brilliance {unknown}

Dungeon Overview and Level Annotations

Branches:
Dungeon (5/15)
 Temple: D:4-7

Altars:
Hepliaklqana
Trog
The Shining One

Annotations:
D:3 3 runed translucent doors, qw's ghost, amateur TeWr
D:5 Grinder


Message History

(1) D:4 (2) D:3 Assign waypoint to what number? (0-9, D - delete waypoint) Waypoint 2 re-assigned from D:3 to D:5.
Found 2 stones.
Found a long sword.
As you open the door, it creaks loudly!
There is an open door here.
You now have 224 gold pieces (gained 12).
Your extra speed is starting to run out.
An ufetubus and Grinder come into view.
The ufetubus shouts!
Grinder shouts!
Enter note:
4253 ||| Stepping ~*~*~tactically~*~*~ (hiding).
You start waiting.
You feel your willpower return.
Grinder is nearby!
4256 ||| Stepping ~*~*~tactically~*~*~ (hiding).
You feel yourself slow down.
You start waiting.
An ufetubus is nearby!
You closely miss the ufetubus. Your peck misses the ufetubus.
You punch the ufetubus, but do no damage.
The ufetubus hits you but does no damage. x2
4259 ||| Stepping ~*~*~tactically~*~*~ (hiding).
The ufetubus hits you. x2
You slash the ufetubus!
You kill the ufetubus!
You start resting.
Grinder is nearby!
A black bear comes into view.
The black bear growls angrily.
Grinder hits you!
You writhe in agony.
You hit Grinder.
Grinder is lightly wounded.
Grinder hits you!
You writhe in agony.
4265 ||| READING scroll of teleportation.
As you read the scroll of teleportation, it crumbles to dust.
You feel strangely unstable. Grinder hits you.
You die...

.5........ ..5.....
5...... ######
....h #....### .}..
#...# #......###
..# #...#
######...###.#
#^..# #.....#.#
#...#
#.....@5####+##...#
#......#.....#....#
######.#.....#....#
#.#.....#.<..#
#.#.....#....#
#.#.....#...##
#...###'##..##
####....##...#
#..........#


You could see Grinder and a black bear.

Vanquished Creatures
  2 orc wizards (D:3)
  4 adders
  An ufetubus (D:5)
  A worm (D:2)
  A dart slug (D:2)
  9 orcs
  4 endoplasms
  6 giant cockroaches
  11 goblins
  11 hobgoblins
  2 quokkas (D:3)
  10 ball pythons
  6 bats
  6 frilled lizards
  2 kobolds (D:4)
  3 rats
  A spectral kobold (D:1)
80 creatures vanquished.

Vanquished Creatures (others)
  7 plants (D:4)
7 creatures vanquished.

Grand Total: 87 creatures vanquished

Notes
Turn   | Place    | Note
-------+----------+-------------------------------------------
     0 | D:1      | qw the Tengu Warper began the quest for the Orb.
     0 | D:1      | Reached XP level 1. HP: 12/12 MP: 4/4
     0 | D:1      | 0 ||| qw: Version: 0.1-a-89-g26bdef1
     0 | D:1      | 0 ||| qw: Game counter: 2905
     0 | D:1      | 0 ||| qw: Always use a shield: true
     0 | D:1      | 0 ||| qw: God list: Okawaru
     0 | D:1      | 0 ||| qw: Allow faded altars: false
     0 | D:1      | 0 ||| qw: Do Orc after D:15 true
     0 | D:1      | 0 ||| qw: Do second Lair branch before Depths: true
     0 | D:1      | 0 ||| qw: Lair rune preference: random
     0 | D:1      | 0 ||| qw: Plans: Normal
     0 | D:1      | 0 ||| PLANNING D:1-11
    92 | D:1      | 92 ||| Stepping ~*~*~tactically~*~*~ (stealth).
    95 | D:1      | 95 ||| Stepping ~*~*~tactically~*~*~ (stealth).
   161 | D:1      | 161 ||| Stepping ~*~*~tactically~*~*~ (stealth).
   217 | D:1      | 217 ||| Stepping ~*~*~tactically~*~*~ (stealth).
   219 | D:1      | 219 ||| Stepping ~*~*~tactically~*~*~ (stealth).
   247 | D:1      | Reached XP level 2. HP: 17/17 MP: 6/6
   251 | D:1      | Reached skill level 3 in Axes
   786 | D:1      | Reached XP level 3. HP: 17/21 MP: 7/7
  1057 | D:1      | Found a faded altar of an unknown god.
  1197 | D:1      | Reached skill level 4 in Axes
  1383 | D:1      | 1383 ||| UPGRADING to +0 ring mail.
  1393 | D:1      | 1393 ||| DROPPING +0 leather armour.
  1394 | D:1      | 1394 ||| UPGRADING to +0 chain mail.
  1404 | D:1      | 1404 ||| DROPPING +0 ring mail.
  1405 | D:1      | 1405 ||| READING scroll labelled VOPOKE OP XIEQ.
  1406 | D:1      | 1406 ||| DRINKING 2 sedimented sapphire potions.
  1407 | D:1      | 1407 ||| DROPPING scroll of blinking.
  1408 | D:1      | 1408 ||| DROPPING potion of magic.
  1798 | D:2      | Reached XP level 4. HP: 21/26 MP: 8/8
  1873 | D:2      | 1873 ||| DROPPING +0 club.
  2137 | D:2      | Reached skill level 5 in Axes
  2433 | D:2      | 2433 ||| UPGRADING to ring of protection from cold.
  2434 | D:2      | 2434 ||| DROPPING ring of flight.
  2435 | D:2      | 2435 ||| READING scroll labelled DUROODW QUIBB.
  2436 | D:2      | 2436 ||| READING scroll labelled BOTEFU KAZEA.
  2537 | D:2      | 2537 ||| DRINKING 2 lumpy purple potions.
  2538 | D:2      | 2538 ||| DRINKING 3 murky amethyst potions.
  2564 | D:3      | 2564 ||| PLANNING SEWER
  2653 | D:3      | Found a glowing golden altar of the Shining One.
  2688 | D:3      | Noticed qw's ghost (amateur TeWr)
  2695 | D:3      | Found a runed translucent gate.
  2695 | D:3      | Found a runed translucent gate.
  2695 | D:3      | Found a runed translucent gate.
  2732 | D:3      | 2732 ||| DROPPING +0 mace.
  2869 | D:3      | 2869 ||| Stepping ~*~*~tactically~*~*~ (stealth).
  2870 | D:3      | 2870 ||| Stepping ~*~*~tactically~*~*~ (stealth).
  2871 | D:3      | 2871 ||| Stepping ~*~*~tactically~*~*~ (stealth).
  3295 | D:3      | Found a glowing drain.
  3311 | D:3      | Gained mutation: Your magical nature lets you fly swiftly
                  | and evasively. [Tengu growth]
  3311 | D:3      | Reached XP level 5. HP: 30/30 MP: 9/9
  3311 | D:3      | 3311 ||| READING scroll labelled JIUROQOEQA.
  3312 | D:3      | 3312 ||| READING scroll labelled KUHYIG HUDO.
  3313 | D:3      | 3313 ||| DRINKING 2 purple potions.
  3314 | D:3      | 3314 ||| DRINKING 2 coppery potions.
  3474 | D:3      | 3474 ||| DROPPING potion of flight.
  3475 | D:3      | 3475 ||| DROPPING potion of lignification.
  3586 | D:3      | Reached skill level 6 in Axes
  3654 | D:3      | 3654 ||| UPGRADING to +0 plate armour.
  3664 | D:3      | 3664 ||| RIP SEWER
  3664 | D:3      | 3664 ||| PLANNING D:1-11
  3664 | D:3      | 3664 ||| DROPPING +0 chain mail.
  3665 | D:3      | 3665 ||| DROPPING ring of ice.
  3666 | D:3      | 3666 ||| UPGRADING to ring of protection from cold.
  3796 | D:4      | Found a hazy altar of Hepliaklqana.
  3829 | D:4      | 3829 ||| SWAPPING to +3 war axe of electrocution.
  3830 | D:4      | 3830 ||| DROPPING +0 hand axe.
  3831 | D:4      | 3831 ||| Stepping ~*~*~tactically~*~*~ (stealth).
  3832 | D:4      | 3832 ||| Stepping ~*~*~tactically~*~*~ (stealth).
  3834 | D:4      | 3834 ||| Stepping ~*~*~tactically~*~*~ (stealth).
  4128 | D:4      | Found a bloodstained altar of Trog.
  4184 | D:4      | 4184 ||| READING 2 scrolls labelled XINGOTADIME.
  4188 | D:4      | 4188 ||| READING scroll labelled WILILUG LYRRUO.
  4189 | D:4      | 4189 ||| READING 2 scrolls labelled FIUXOA MUGOESH.
  4190 | D:4      | 4190 ||| READING scroll of enchant weapon.
  4190 | D:4      | 4190 ||| ENCHANTING +4 war axe of electrocution.
  4191 | D:4      | 4191 ||| READING scroll labelled NOEZAGAFIG.
  4192 | D:4      | 4192 ||| DRINKING 2 red potions.
  4213 | D:5      | Entered Level 5 of the Dungeon
  4252 | D:5      | Noticed Grinder
  4253 | D:5      | 4253 ||| Stepping ~*~*~tactically~*~*~ (hiding).
  4256 | D:5      | 4256 ||| Stepping ~*~*~tactically~*~*~ (hiding).
  4259 | D:5      | 4259 ||| Stepping ~*~*~tactically~*~*~ (hiding).
  4263 | D:5      | Noticed a black bear
  4264 | D:5      | HP: 7/30 [Grinder (8)]
  4264 | D:5      | HP: 1/30 [Grinder (6)]
  4265 | D:5      | 4265 ||| READING scroll of teleportation.
  4265 | D:5      | Slain by Grinder

Levels and vault maps discovered:
D:1:      sevenhm_arrival_forest_fort_large_3, layout_loops_ring,
          dreamdust_ecumenical_altar_drowned_temple, minivault_19
D:2:      layout_basic
D:3:      minmay_spotlight, layout_rooms, nicolae_tso_swordbearing_angel,
          serial_corexii_hall, chequers_hall_statues_corner_a,
          corexii_hall_statues_t, corexii_hall_statues_i,
          corexii_hall_statues_l, corexii_hall_statues_i,
          corexii_hall_statues_deadend, gammafunk_ghost_split,
          portal_sewer_entry_f
D:4:      layout_rooms, mainiacjoe_overflow_chevrons, general_overflow_altar,
          serial_corexii_hall, corexii_hall_statues_l, chequers_hall_statues_y
D:5:      minmay_skewed_foursquare, layout_gridville, ebering_ghost_inner_flame,
          uniq_sigmund, uniq_crazy_yiuf_cottage, uniq_grinder, uniq_duvessa,
          uniq_menkaure

Skill      XL: |  1  2  3  4  5 |
---------------+----------------+-----
Axes           | 3 4 5 6 |  6.1
Fighting       | |  2.0
Throwing       | |  1.0
Armour         | |  1.7
Dodging        | |  2.1
Spellcasting   | |  2.0
Translocations | |  2.4

Action                   |  1- 3 |  4- 6 || total
-------------------------+-------+-------++-------
Melee: Hand axe          |    87 |    84 ||   171
       Kick              |    20 |    17 ||    37
       Peck              |    11 |    10 ||    21
       Punch             |       |     2 ||     2
       War axe           |       |     9 ||     9
Throw: Boomerang         |     7 |    39 ||    46
  Use: Scroll            |     1 |    10 ||    11
       Potion            |     1 |     5 ||     6
Armor: Leather armour    |     9 |       ||     9
       Chain mail        |    13 |    33 ||    46
       Plate armour      |       |     6 ||     6
       Skin              |       |     4 ||     4
Dodge: Dodged            |    35 |    17 ||    52

Table legend:
 A = Non-vault XP
 B = Vault XP
 C = Vault XP percentage of total XP
 D = Non-vault monster count
 E = Vault monster count
 F = Vault count percentage of total count
                 A         B        C        D         E       F
            +---------+---------+-------+---------+---------+-------
      Total |     249 |      18 |   6.7 |      73 |       7 |   8.8
            +---------+---------+-------+---------+---------+-------
        D:1 |      48 |       1 |   2.0 |      31 |       1 |   3.1
        D:2 |      70 |       0 |   0.0 |      17 |       0 |   0.0
        D:3 |     113 |       9 |   7.4 |      16 |       5 |  23.8
        D:4 |      18 |       0 |   0.0 |       9 |       0 |   0.0
        D:5 |       0 |       8 | 100.0 |       0 |       1 | 100.0
            +---------+---------+-------+---------+---------+-------
